AoeStats
← joosephy

MegaRandom

509036310Analyzed
3v3 RM · 7d ago on Sep 25, 2026· 32m 27s· 6 players
Game mode
Random Map
Map size
Normal (6 player)
Population
200
Speed
Normal
Resources
Standard
Victory
Conquest
Starting age
Dark Age
Ending age
Imperial Age
RankedLock teamsTeams togetherTeam positionsShared explorationLock speedFull tech treeHidden civsTurbo modeCheats
Victory
Defeat
🇹🇼 Persians · Taiwan
1646
+8
🇳🇿 Britons · New Zealand
1517
+13
🇨🇳 Celts · China
1412
+16
🇨🇱 Vietnamese · Chile
1469
-13
🇪🇨 Spanish · Ecuador
1433
-12
🇲🇽 Magyars · Mexico
1431
-12
叫声乌鸦哥
9:22 Loom
11:08 Feudal Age
12:09 Double-Bit Axe
15:02 Castle Age
13:10 Fishing Lines
16:18 Bow Saw
16:46 Town Watch
16:59 Gillnets
20:36 Horse Collar
22:52 Wheelbarrow
24:29 Gold Mining
25:56 Gold Shaft Mining
28:21 Imperial Age
26:23 Hand Cart
26:36 Scale Mail Armor
27:44 Chain Mail Armor
28:25 Elite Woad Raider
29:35 Plate Mail Armor
28:43 Capped Ram
30:39 Conscription
30:32 Forging
31:27 Siege Ram
joosephy
8:19 Loom
11:15 Feudal Age
15:44 Castle Age
14:12 Double-Bit Axe
18:53 Town Watch
21:13 Wheelbarrow
25:00 Husbandry
30:27 Fletching
35:10 Imperial Age
32:57 Bow Saw
Red-Leaf
Mistico
¡No hate!
3:28 Loom
10:46 Feudal Age
13:32 Wheelbarrow
15:46 Castle Age
14:07 Double-Bit Axe
14:58 Fletching
27:08 Town Watch
27:37 Bodkin Arrow
27:42 Padded Archer Armor
28:44 Bow Saw
28:29 Gold Mining
29:23 Husbandry
29:53 Ballistics
Dennysh
5:51 Loom
5:59 Loom
6:01 Loom
6:54 Loom
10:48 Feudal Age
15:47 Castle Age
14:32 Stone Mining
15:16 Double-Bit Axe
17:27 Stone Shaft Mining
17:33 Wheelbarrow
20:00 Husbandry
Connection lost

Rejoining the realm…

Still unreachable

The connection could not be restored.

Session expired

The server has moved on; the page needs a fresh start.